 Dungeon Crawl Stone Soup version 0.25.1-2-g60ff931df9 (webtiles) character file.

Game seed: 11904907929636469949

76517 Doot the Eclecticist (level 15, -11/78 HPs)
             Began as a Deep Elf Wizard on Sept 21, 2020.
             Was a High Priest of Lugonu.
             Killed from afar by Azrael (30 damage)
             ... with damnation
             ... on level 1 of the Elven Halls on Sept 23, 2020.
             The game lasted 02:11:35 (44631 turns).

Doot the Eclecticist (Deep Elf Wizard)             Turns: 44631, Time: 02:11:36

Health: -11/78     AC: 10    Str:  2    XL:     15   Next: 12%
Magic:  24/47      EV: 12    Int: 42    God:    Lugonu [*****.]
Gold:   2006       SH:  5    Dex: 13    Spells: 1/48 levels left

rFire    + + .     SeeInvis .   P - +1 rapier "Nafidgh" {freeze, rPois Int+2}
rCold    + + .     Gourm    .   n - +2 buckler
rNeg     + . .     Faith    .   Y - +3 leather armour {rF+}
rPois    +         Spirit   .   b - +0 hat
rElec    +         Reflect  .   W - scarf {+Inv}
rCorr    +         Harm     .   N - +2 pair of gloves
MR       +....     Clarity  +   V - +0 pair of boots
Stlth    +++.......             R - amulet "Ixots" {rPois rC+ Regen+ Str-2 Int+8}
HPRegen  0.63/turn              a - ring of positive energy
MPRegen  0.30/turn              s - ring of magical power

@: resistant, very slightly contaminated
A: hooves 1, clarity, clever 1, evolution 1
a: Depart the Abyss, Bend Space, Banish, Corrupt, Enter the Abyss, Renounce
Religion, Evoke Invisibility


You were on level 1 of the Elven Halls.
You worshipped Lugonu.
Lugonu was extremely pleased with you.
You were not hungry.

You visited 5 branches of the dungeon, and saw 24 of its levels.
You visited the Abyss 1 time.
You also visited: Sewer and Bailey.

You collected 2545 gold pieces.
You spent 539 gold pieces at shops.

Inventory:

Hand Weapons
 P - the +1 rapier "Nafidgh" (weapon) {freeze, rPois Int+2}
   (You found it on level 10 of the Dungeon)

   It has been specially enchanted to freeze those struck by it, causing extra
   injury to most foes and up to half again as much damage against particularly
   susceptible opponents.
   It can also slow down cold-blooded creatures.
   It affects your intelligence (+2).
   It protects you from poison.
Missiles
 T - 24 poisoned darts (quivered)
Armour
 b - a +0 hat (worn)
 n - a +2 buckler (worn)
 N - a +2 pair of gloves (worn)
 V - a +0 pair of boots (worn)
 W - a scarf of invisibility (worn)
 Y - a +3 leather armour of fire resistance (worn)
 Z - the +6 scale mail of Narcissism {*Contam +Inv Regen+ rCorr}
   (You bought it in a shop on level 6 of the Dungeon)

   It lets you turn invisible.
   It causes magical contamination when unequipped.
   It increases your rate of regeneration.
   It provides partial protection from all sources of acid and corrosion.
Magical Staves
 L - an uncursed staff of air
 O - an uncursed staff of cold
Jewellery
 a - a ring of positive energy (left hand)
 i - an uncursed ring of resist corrosion
 s - a ring of magical power (right hand)
 A - an uncursed ring of ice
 C - an uncursed ring of flight
 R - the amulet "Ixots" (around neck) {rPois rC+ Regen+ Str-2 Int+8}
   (You found it on level 3 of the Lair of Beasts)

   [amulet of regeneration]

   It affects your strength (-2).
   It affects your intelligence (+8).
   It protects you from cold.
   It protects you from poison.
   It increases your rate of regeneration.
Wands
 h - a wand of polymorph (13)
 o - a wand of disintegration (16)
 u - a wand of acid (10)
 H - a wand of flame (40)
 U - a wand of paralysis (7)
 X - a wand of iceblast (21)
Scrolls
 c - 4 scrolls of immolation
 f - 7 scrolls of magic mapping
 g - 5 scrolls of teleportation
 l - 2 scrolls of random uselessness {unknown}
 p - 8 scrolls of amnesia
 q - 4 scrolls of fear
 r - 10 scrolls of remove curse
 y - 2 scrolls of noise {unknown}
 z - 3 scrolls of enchant armour
 B - 5 scrolls of fog
 I - 4 scrolls of enchant weapon {unknown}
 J - 2 scrolls of acquirement {unknown}
 K - 2 scrolls of blinking {unknown}
 M - 2 scrolls of summoning {unknown}
 Q - a scroll of holy word {unknown}
Potions
 e - a potion of brilliance
 j - 4 potions of curing
 m - 5 potions of flight
 t - 2 potions of lignification
 v - 3 potions of heal wounds
 x - a potion of might {unknown}
 D - 2 potions of haste
 E - a potion of resistance
 F - 2 potions of stabbing
 S - a potion of cancellation
Comestibles
 d - 27 rations


   Skills:
 + Level 3.1 Fighting
 + Level 4.4 Short Blades
 + Level 0.7 Throwing
 + Level 3.8 Armour
 + Level 6.6 Dodging
 + Level 7.0 Stealth
 + Level 0.9 Shields
 * Level 17.1 Spellcasting
 * Level 13.4 Conjurations
 + Level 0.8 Hexes
 + Level 5.9 Summonings
 + Level 2.2 Necromancy
 + Level 5.2 Translocations
 + Level 11.7 Fire Magic
 + Level 4.8 Air Magic
 + Level 5.2 Earth Magic
 + Level 4.5 Poison Magic
 + Level 7.5 Invocations
 + Level 2.5 Evocations


You had one spell level left.
You knew the following spells:

 Your Spells              Type           Power        Failure   Level  Hunger
a - Magic Dart            Conj           ####         0%          1    None
b - Blink                 Tloc           N/A          1%          2    None
c - Call Imp              Summ           ######..     1%          2    None
d - Slow                  Hex            #####...     2%          2    None
e - Conjure Flame         Conj/Fire      #######.     1%          3    None
f - Mephitic Cloud        Conj/Pois/Air  #######.     1%          3    None
g - Animate Dead          Necr           N/A          10%         4    None
h - Vampiric Draining     Necr           ######....   2%          3    None
i - Sticky Flame          Conj/Fire      #######.     1%          4    None
j - Fireball              Conj/Fire      #######...   1%          5    None
k - Bolt of Magma         Conj/Fire/Erth #######...   1%          5    None
l - Orb of Destruction    Conj           #######...   8%          7    None
m - Iron Shot             Conj/Erth      #######...   8%          6    None

Your spell library contained the following spells:

 Spells                   Type           Power        Failure   Level  Hunger
 Foxfire                  Conj/Fire      ####         0%          1    None
 Animate Skeleton         Necr           N/A          1%          1    None
 Pain                     Necr           ####         1%          1    None
 Shock                    Conj/Air       ####         1%          1    None
 Passwall                 Tmut/Erth      ######..     1%          2    None
 Shroud of Golubria       Chrm/Tloc      ######       1%          2    None
 Gell's Gravitas          Tloc           ######....   1%          3    None
 Inner Flame              Hex/Fire       ######..     1%          3    None
 Teleport Other           Tloc           ######..     1%          3    None
 Fulminant Prism          Conj/Hex       #######...   1%          4    None
 Starburst                Conj/Fire      #######...   1%          6    None
 Confusing Touch          Hex            #####...     4%          3    None
 Iskenderun's Battlesphe  Conj/Chrm      #######.     4%          5    None
 Petrify                  Tmut/Erth      ######..     8%          4    None
 Cause Fear               Hex            #####.....   17%         4    None
 Silence                  Hex/Air        ######....   21%         5    None
 Agony                    Necr           ######..     26%         5    None
 Spellforged Servitor     Conj/Summ      #######...   36%         7    None
 Metabolic Englaciation   Hex/Ice        #####.....   50%         5    None
 Yara's Violent Unravell  Hex/Tmut       #####.....   50%         5    None
 Discord                  Hex            #####.....   100%        8    ####...


Dungeon Overview and Level Annotations

Branches:
Dungeon (14/15)            Temple (1/1) D:6            Lair (6/6) D:8
  Swamp (0/4) Lair:2       Spider (0/4) Lair:3        Slime (0/5) Lair:5
    Orc (2/2) D:10            Elf (1/3) Orc:2         Sewer (visited)
 Bailey (visited)
 Vaults: D:13-14

Altars:
Ashenzari
Cheibriados
Dithmenos
Elyvilon
Fedhas
Gozag
Hepliaklqana
Kikubaaqudgha
Makhleb
Nemelex Xobeh
Okawaru
Qazlal
Ru
Sif Muna
Trog
Uskayaw
Vehumet
Wu Jian
Xom
Yredelemnul
Zin
The Shining One
Beogh
Lugonu

Shops:
D:6 [   Orc:1 *}   Orc:2 *((:

Annotations:
D:8 Gastronok
D:9 2 transporters
D:10 1 runed translucent door
Elf:1 Azrael


Innate Abilities, Weirdness & Mutations

You have large cloven feet.
You possess an exceptional clarity of mind.
Your mind is acute. (Int +2)
You evolve.


Message History

Casting: Iron Shot (dangerous; 8% risk of failure)
Confirm with . or Enter, or press ? or * to list all spells.
Aiming: Iron Shot (dangerous; 8% risk of failure)
Press: ? - help, Shift-Dir - straight line, f/p - Azrael
Aim: Azrael, wielding a +0 scimitar of flaming (heavily wounded)
You miscast Iron Shot.
Strange energies run through your body!
* * * LOW HITPOINT WARNING * * *
Azrael shimmers and vanishes!
The hell hound closely misses you. You block the hell hound's attack.
Casting: Iron Shot (dangerous; 8% risk of failure)
Confirm with . or Enter, or press ? or * to list all spells.
Aiming: Iron Shot (dangerous; 8% risk of failure)
Press: ? - help, Shift-Dir - straight line, f/p - Azrael
Aim: Azrael, wielding a +0 scimitar of flaming (heavily wounded)
The iron shot hits the hell hound!!!
You kill the hell hound!
Lugonu accepts your kill. Azrael gestures at you.
The sphere of damnation explodes!
The damnation engulfs you!!
You die...

.#)###+##...)....##.# #.# #...○
.#.##...#........##R###.# #☼'#
.#.#.............R☼h..#.####..#
...'............○##...........#
.#.#...^........°####........##
.#.##....#.....h○# ##.###''##
.#.###.......##R## #.#.....#
.#.##.........#†######.#......+
.#.#..........+.@......#......+
.#.#..........#..####..+.....##
...'.........#)........#....##
##.#...........)...........##
#.##'#......#......)..#.###
#.##.#......#.........#
##.#..'......#.8..)).8.#
......'......#....)....#
#######.....####'''''###


You could see Azrael and a hell hound.

Vanquished Creatures
  An orc warlord (Orc:2)
  4 hydras
  A death knight (D:12)
  18 two-headed ogres
  4 ogre magi (Orc:2)
  3 dancing weapons (Elf:1)
  An orc high priest (Orc:2)
  Urug (D:13)
  A deep elf knight (Elf:1)
  2 skeletal warriors (D:13)
  An unseen horror (D:14)
  9 deep elf magi (Elf:1)
  3 orc knights
  4 orc sorcerers
  An orb spider (Lair:3)
  An ugly thing (D:13)
  A manticore (D:12)
  2 black mambas
  Psyche (D:12)
  2 rime drakes
  8 komodo dragons
  9 spiny frogs
  4 hornets
  5 polar bears (Lair:6)
  4 trolls
  14 blink frogs
  21 dream sheep
  A meliai zombie (D:11)
  9 hippogriffs
  4 slime creatures (D:13)
  A bog body (Lair:2)
  10 spriggans (Lair:6)
  2 wyverns
  4 hogs (D:7)
  A human (D:7)
  A water elemental (Elf:1)
  30 yaks
  2 fire elementals (Elf:1)
  A basilisk (Lair:2)
  A hungry ghost (D:11)
  A steam dragon (D:8)
  4 wargs
  13 water moccasins
  3 hell hounds (Elf:1)
  9 porcupines
  19 orc warriors
  3 sky beasts
  3 ice beasts
  5 boggarts (Lair:6)
  2 phantoms
  33 ogres
  4 black bears
  2 necrophages
  25 wolves
  12 centaurs
  12 crocodiles
  4 big kobolds
  21 bullfrogs
  8 gnoll sergeants (Bailey)
  A wyvern zombie (D:14)
  A water moccasin zombie (D:11)
  A wyvern skeleton (D:12)
  4 scorpions
  3 killer bees (D:12)
  6 wights (D:11)
  2 howler monkeys (D:10)
  A bullfrog zombie (D:6)
  An electric eel (D:8)
  5 crimson imps
  A centaur zombie (D:6)
  2 quasits
  13 hounds
  6 jellies
  4 centaur skeletons
  2 bullfrog skeletons
  7 gnoll shamans
  10 orc priests
  21 orc wizards
  3 iguanas
  Terence (D:3)
  11 worker ants
  5 hell rats
  2 hound zombies
  2 hound skeletons
  52 gnolls
  A howler monkey skeleton (D:8)
  14 adders
  A river rat (Sewer)
  5 shadow imps
  An adder zombie (D:5)
  A worm (D:3)
  2 dart slugs
  4 leopard geckos
  65 orcs
  A ball python (D:2)
  8 bats
  3 giant cockroaches
  7 goblins
  7 hobgoblins
  21 jackals
  23 kobolds
  2 quokkas
  4 frilled lizards
  A jackal zombie (D:8)
  2 quokka skeletons
  A quokka zombie (D:9)
  8 rats
  A plant (D:4)
726 creatures vanquished.

Vanquished Creatures (collateral kills)
  A two-headed ogre (D:11)
  A yak (Lair:4)
  2 water moccasins
  An ice beast (D:6)
  A necrophage (D:5)
  An ogre (D:4)
  2 centaurs
  A crocodile (Lair:1)
  2 bullfrogs (Lair:2)
  A wight (D:11)
  A howler monkey (D:4)
  2 orc wizards
  2 adders
  3 worms
  A dart slug (D:4)
  3 orcs
  3 jackals (D:4)
  A bat (D:2)
  A frilled lizard (D:4)
  A kobold (D:2)
  A rat (D:4)
32 creatures vanquished.

Vanquished Creatures (others)
  A two-headed ogre (Orc:2)
  A skeletal warrior (D:12)
  An orc warrior (D:8)
  An electric eel (D:8)
  A hound (D:8)
  An adder (D:8)
  A gnoll (D:4)
  3 giant cockroaches
  10 fungi
  4 plants
24 creatures vanquished.

Grand Total: 782 creatures vanquished

Notes
Turn   | Place    | Note
-------+----------+-------------------------------------------
     0 | D:1      | Doot the Deep Elf Wizard began the quest for the Orb.
     0 | D:1      | Reached XP level 1. HP: 10/10 MP: 7/7
   670 | D:1      | Reached skill level 5 in Spellcasting
   670 | D:1      | Reached XP level 2. HP: 15/15 MP: 5/10
   812 | D:1      | Learned a level 2 spell: Blink
   815 | D:1      | Learned a level 2 spell: Call Imp
   818 | D:1      | Learned a level 2 spell: Slow
  1524 | D:2      | Reached XP level 3. HP: 19/19 MP: 0/12
  1852 | D:2      | Learned a level 3 spell: Conjure Flame
  1856 | D:2      | Learned a level 3 spell: Mephitic Cloud
  2353 | D:3      | Reached XP level 4. HP: 24/24 MP: 5/13
  2414 | D:4      | Found a glowing drain.
  2423 | Sewer    | Entered a sewer
  2436 | Sewer    | Reached skill level 6 in Spellcasting
  2668 | Sewer    | Noticed a big kobold
  2684 | Sewer    | Killed a big kobold
  2684 | Sewer    | Reached XP level 5. HP: 28/28 MP: 2/15
  2843 | Sewer    | Found a white marble altar of Elyvilon.
  2901 | D:4      | Reached skill level 1 in Air Magic
  3407 | D:4      | Reached XP level 6. HP: 33/33 MP: 8/17
  3488 | D:4      | Reached skill level 7 in Spellcasting
  4542 | D:5      | Entered Level 5 of the Dungeon
  4617 | D:5      | Found an iron altar of Okawaru.
  4721 | D:5      | Reached XP level 7. HP: 35/37 MP: 8/20
  5650 | D:6      | Found Iqeykem's Antique Armour Emporium.
  5933 | D:6      | Found a staircase to the Ecumenical Temple.
  5950 | D:6      | Reached skill level 8 in Spellcasting
  5962 | Temple   | Entered the Ecumenical Temple
  6024 | Temple   | Became a worshipper of Lugonu the Unformed
  6024 | Temple   | Reached * piety under Lugonu
  6392 | D:2      | Reached skill level 1 in Short Blades
  6839 | D:3      | Found a blossoming altar of Fedhas.
  6841 | D:3      | Found a shimmering altar of Xom.
  6841 | D:3      | Found an iron altar of Okawaru.
  6844 | D:3      | Found a shimmering altar of Xom.
  6844 | D:3      | Found a snail-covered altar of Cheibriados.
  6844 | D:3      | Found an ancient bone altar of Kikubaaqudgha.
  7094 | D:3      | Reached skill level 5 in Conjurations
  7121 | D:3      | Noticed Terence
  7125 | D:3      | Found a hazy altar of Hepliaklqana.
  7130 | D:3      | Reached ** piety under Lugonu
  7214 | D:3      | Killed Terence
  7214 | D:3      | Reached XP level 8. HP: 42/42 MP: 18/22
  7814 | D:4      | Reached skill level 9 in Spellcasting
  7915 | D:4      | Reached skill level 1 in Poison Magic
  8880 | D:6      | Reached *** piety under Lugonu
  9122 | D:6      | Reached skill level 1 in Invocations
  9134 | D:6      | Found a glowing silver altar of Zin.
  9180 | D:6      | Reached skill level 10 in Spellcasting
  9334 | D:6      | Reached XP level 9. HP: 46/46 MP: 20/25
  9370 | D:6      | Found an ornate altar of the Wu Jian Council.
  9613 | D:7      | Reached skill level 1 in Fire Magic
 10596 | D:7      | Found an opulent altar of Gozag.
 10596 | D:7      | Found an ancient bone altar of Kikubaaqudgha.
 10596 | D:7      | Found a sparkling altar of Nemelex Xobeh.
 10596 | D:7      | Found a basalt altar of Yredelemnul.
 10724 | D:7      | Found a sacrificial altar of Ru.
 10730 | D:7      | Found a shadowy altar of Dithmenos.
 10933 | D:7      | Reached skill level 5 in Dodging
 10934 | D:7      | Reached skill level 1 in Fighting
 11288 | D:8      | Reached skill level 11 in Spellcasting
 11295 | D:8      | Reached skill level 5 in Stealth
 11416 | D:8      | Noticed a troll
 11458 | D:8      | Killed a troll
 12089 | D:8      | Found a staircase to the Lair.
 12276 | D:8      | Reached XP level 10. HP: 52/52 MP: 14/27
 13222 | D:8      | Noticed Gastronok
 13487 | D:9      | Reached skill level 5 in Invocations
 13619 | D:9      | Paralysed by a hornet for 2 turns
 14145 | D:9      | Found a burning altar of Makhleb.
 14145 | D:9      | Found a radiant altar of Vehumet.
 14235 | D:9      | Found a shimmering blue altar of Sif Muna.
 14235 | D:9      | Found a glowing golden altar of the Shining One.
 14358 | D:9      | Reached **** piety under Lugonu
 14698 | D:9      | Noticed a wolf spider
 14700 | D:9      | Found a transporter.
 14726 | D:9      | Found a transporter.
 14822 | D:9      | Reached skill level 12 in Spellcasting
 15429 | D:10     | Entered Level 10 of the Dungeon
 15456 | D:10     | Found a staircase to the Orcish Mines.
 15716 | D:10     | Got a bone rapier
 15716 | D:10     | Identified the cursed +1 rapier "Nafidgh" {freeze, rPois
                  | Int+2} (You found it on level 10 of the Dungeon)
 16590 | D:10     | Found a glowing silver altar of Zin.
 16590 | D:10     | Noticed an angel
 16696 | D:10     | Found a runed translucent door.
 17471 | D:11     | Reached skill level 5 in Summonings
 17882 | D:11     | HP: 1/53 [meliai zombie (4)]
 17887 | D:11     | HP: 3/79 [meliai zombie (5)]
 18335 | D:11     | Reached skill level 1 in Armour
 18382 | D:11     | Noticed a two-headed ogre
 18433 | D:11     | Killed a two-headed ogre
 18433 | D:11     | Reached XP level 11. HP: 57/57 MP: 2/29
 18742 | D:11     | Noticed a two-headed ogre
 18770 | D:11     | Noticed a two-headed ogre
 18778 | D:11     | Killed a two-headed ogre
 18779 | D:11     | Killed a two-headed ogre
 19244 | D:11     | Noticed a two-headed ogre
 19305 | D:11     | Killed a two-headed ogre
 19431 | Orc:1    | Entered Level 1 of the Orcish Mines
 19431 | Orc:1    | Noticed an orc knight
 19855 | D:10     | Reached ***** piety under Lugonu
 19889 | D:10     | Killed an orc knight
 19889 | D:10     | Reached skill level 13 in Spellcasting
 20479 | Orc:1    | Noticed an orc sorcerer
 20481 | Orc:1    | Noticed an orc knight
 20560 | Lair:1   | Entered Level 1 of the Lair of Beasts
 21108 | Lair:1   | Learned a level 4 spell: Animate Dead
 21112 | Lair:1   | Learned a level 3 spell: Vampiric Draining
 22072 | Lair:1   | Learned a level 4 spell: Sticky Flame
 22078 | Lair:1   | Learned a level 5 spell: Fireball
 22292 | Lair:1   | Reached skill level 1 in Evocations
 22713 | Lair:2   | Found a staircase to the Swamp.
 22733 | Lair:2   | Reached skill level 14 in Spellcasting
 23003 | Lair:2   | Reached skill level 1 in Necromancy
 23013 | Lair:2   | Reached XP level 12. HP: 51/62 MP: 12/32
 23279 | D:6      | Bought a runed leather armour for 110 gold pieces
 23279 | D:6      | Bought an agate-encrusted scale mail for 198 gold pieces
 23299 | D:6      | Identified the +6 scale mail of Narcissism {*Contam +Inv
                  | Regen+ rCorr} (You bought it in a shop on level 6 of the
                  | Dungeon)
 24761 | Lair:2   | Reached skill level 5 in Fire Magic
 25470 | Lair:3   | Noticed an eight-headed hydra
 26368 | Lair:3   | Noticed a seven-headed hydra
 27821 | Lair:4   | Noticed a catoblepas
 28444 | Lair:5   | Found a staircase to the Slime Pits.
 28887 | Lair:6   | Entered Level 6 of the Lair of Beasts
 29135 | Lair:5   | Gained mutation: You are dopey. (Int -2) [mutagenic glow]
 29281 | Lair:5   | Lost mutation: You are dopey. (Int -2) [potion of mutation]
 29281 | Lair:5   | Gained mutation: You evolve. [potion of mutation]
 29281 | Lair:5   | Gained mutation: You are frail. (-10% HP) [potion of
                  | mutation]
 29281 | Lair:5   | Gained mutation: You possess an exceptional clarity of
                  | mind. [potion of mutation]
 29288 | Lair:5   | Learned a level 5 spell: Bolt of Magma
 30417 | Lair:6   | Reached XP level 13. HP: 61/61 MP: 17/33
 31191 | Lair:6   | Reached skill level 15 in Spellcasting
 31399 | Lair:6   | Reached skill level 1 in Earth Magic
 31844 | Lair:6   | Reached skill level 10 in Fire Magic
 32039 | Lair:6   | Reached ****** piety under Lugonu
 32074 | Lair:6   | Reached skill level 10 in Conjurations
 32288 | Lair:6   | Gained mutation: You have large cloven feet. [evolution]
 33472 | Lair:3   | Found a hole to the Spider Nest.
 33551 | Lair:3   | Got a brightly glowing iron amulet
 34127 | Orc:1    | Found Zeehya Jios's Assorted Antiques.
 34132 | Orc:1    | Found Ymior's Gadget Shoppe.
 34227 | Orc:1    | Bought a polished leather armour for 231 gold pieces
 34392 | Orc:2    | Entered Level 2 of the Orcish Mines
 34987 | Orc:2    | Reached XP level 14. HP: 64/64 MP: 20/35
 35080 | Orc:1    | Noticed an orc warlord
 36226 | Orc:2    | Gained mutation: Your mind is acute. (Int +2) [evolution]
 36335 | Orc:2    | Reached skill level 16 in Spellcasting
 36881 | Orc:2    | Found Toyt's Weapon Shop.
 36881 | Orc:2    | Found Gidin Wam's Book Shoppe.
 36881 | Orc:2    | Found Oliodea's General Store.
 36881 | Orc:2    | Found Ine Ura's Weapon Shop.
 37078 | Orc:2    | Reached skill level 5 in Translocations
 37813 | Orc:2    | Found a staircase to the Elven Halls.
 38038 | Orc:2    | Learned a level 7 spell: Orb of Destruction
 38050 | Orc:2    | Killed an orc warlord
 38674 | Orc:1    | Found a roughly hewn altar of Beogh.
 38796 | D:12     | Found a blossoming altar of Fedhas.
 38821 | D:12     | Found a flagged portal.
 38850 | Bailey   | Entered a bailey
 39551 | Bailey   | Identified the Papyrus of Lightness and Blows and Bruises
 39749 | D:12     | Identified the amulet "Ixots" {rPois rC+ Regen+ Str-2
                  | Int+8} (You found it on level 3 of the Lair of Beasts)
 39752 | D:12     | Identified the Compendium of the Compass and Stones
 39816 | D:12     | Noticed Psyche
 39897 | D:12     | Cast into level 1 of the Abyss (Psyche)
 40042 | D:12     | Escaped the Abyss
 40044 | D:12     | Killed Psyche
 40392 | D:12     | Lost mutation: You are frail. (-10% HP) [evolution]
 41213 | D:13     | Found a burning altar of Makhleb.
 42015 | D:13     | Reached skill level 5 in Earth Magic
 42019 | D:13     | Noticed Urug
 42431 | D:13     | Killed Urug
 43947 | Elf:1    | Entered Level 1 of the Elven Halls
 43983 | Elf:1    | Reached XP level 15. HP: 67/78 MP: 5/37
 44152 | Elf:1    | Learned a level 6 spell: Iron Shot
 44170 | Elf:1    | Reached skill level 17 in Spellcasting
 44597 | Elf:1    | Noticed Azrael
 44631 | Elf:1    | Killed from afar by Azrael

Illustrated notes

Levels and vault maps discovered:
D:1:      lemuel_arrival_muddy, layout_loops_cross
D:2:      layout_basic
D:3:      layout_basic, lemuel_doored_altar, doesnt_xom_only_xom, first_ration,
          uniq_terence
D:4:      lemuel_castle_with_subvaults [lemuel_castle_interior_carwin_1],
          layout_rooms, cheibrodos_sewer_entry_drain
D:5:      layout_basic, kennysheep_mini_moat
D:6:      layout_gridville, marbit_many_paths, kennysheep_mini,
          minmay_temple_entry_junction, serial_shops, shop
D:7:      layout_loops_cross, minmay_overflow_temple_hex, grunt_livestock,
          minmay_misc_feat_rows
D:8:      layout_basic, erik_lair_island, minmay_quadrilaterals, uniq_gastronok
D:9:      layout_long_grid, grunt_temple_overflow_lords_of_destruction,
          gammafunk_temple_overflow_arena
D:10:     layout_loops_ring, orc_0_dummy, lemuel_angel_altar
D:11:     layout_loops_corners, gauntlet_entry_generic
D:12:     layout_basic, enter_bailey_3, fedhas_altar_2, uniq_psyche
D:13:     layout_gridville, basic_altar, uniq_urug
D:14:     layout_basic, david_vaults_2, basic_altar, evilmike_ruin_ashenzari,
          minmay_misc_feat_room
Temple:   corrupted_temple
Lair:1:   wad_woods_structure_01, layout_chaotic_city, enter_volcano_4,
          st_stairs_3, chequers_serial_rivers_room_a
Lair:2:   layout_chaotic_city, skrybe_swamp_entry_bodies
Lair:3:   layout_small_grid, nicolae_spider_entry_orb_guardian
Lair:4:   layout_layer_cave, grunt_megastairs_3
Lair:5:   layout_roguey, slime_dummy, grunt_megastairs_2
Lair:6:   minmay_lair_end_enchanted_forest, layout_hall_layers,
          grunt_megastairs_1
Orc:1:    layout_caves, serial_shops, shop, shop, basic_altar
Orc:2:    st_orc_ogre_mass, layout_diamond_mine
Elf:1:    eino_elf_arrival_the_gate, layout_gridlike, serial_shops,
          nicolae_shop_temple_entry_statues_fountains, minmay_elf_demonology,
          uniq_azrael

Skill      XL: |  1  2  3  4  5  6  7  8  9 10 11 12 13 14 15 |
---------------+----------------------------------------------+-----
Spellcasting   | 5 6 7 8 10 11 12 14 15 16 17 | 17.1
Dodging        | 3 4 5 6 |  6.6
Conjurations   | 2 3 5 6 7 8 9 11 13 | 13.4
Air Magic      | 1 2 3 4 |  4.8
Summonings     | 2 3 4 5 |  5.9
Stealth        | 3 4 5 6 7 |  7.0
Short Blades   | 1 2 3 4 |  4.4
Poison Magic   | 1 2 3 4 |  4.5
Translocations | 2 3 4 5 |  5.2
Invocations    | 1 4 6 7 |  7.5
Fire Magic     | 1 9 10 11 | 11.7
Fighting       | 1 2 3 |  3.1
Armour         | 1 2 3 |  3.8
Evocations     | 2 |  2.5
Necromancy     | 2 |  2.2
Earth Magic    | 3 5 |  5.2
Throwing       | |  0.7
Shields        | |  0.9
Hexes          | |  0.8

Action                   |  1- 3 |  4- 6 |  7- 9 | 10-12 | 13-15 || total
-------------------------+-------+-------+-------+-------+-------++-------
Melee: Dagger            |     5 |     3 |   106 |    53 |       ||   167
       Rapier            |       |    88 |     5 |   239 |    83 ||   415
Throw: Dart              |       |       |       |    44 |     2 ||    46
 Cast: Magic Dart        |    88 |   102 |   272 |   497 |    67 ||  1026
       Call Imp          |     9 |    18 |    27 |   109 |     1 ||   164
       Blink             |     2 |     3 |    14 |    46 |    20 ||    85
       Mephitic Cloud    |       |     6 |    49 |    85 |    33 ||   173
       Conjure Flame     |       |     3 |    19 |    23 |     6 ||    51
       Slow              |       |       |     2 |    14 |       ||    16
       Sticky Flame      |       |       |       |    75 |    61 ||   136
       Vampiric Draining |       |       |       |     5 |       ||     5
       Fireball          |       |       |       |    11 |    82 ||    93
       Animate Dead      |       |       |       |     3 |     1 ||     4
       Bolt of Magma     |       |       |       |     2 |   166 ||   168
       Orb of Destructio |       |       |       |       |     8 ||     8
       Iron Shot         |       |       |       |       |     7 ||     7
Invok: Banish            |       |       |       |       |     2 ||     2
       Depart the Abyss  |       |       |       |       |     1 ||     1
 Abil: Evoke Invisibilit |       |       |       |       |     1 ||     1
Evoke: Phantom mirror    |       |       |       |       |     1 ||     1
  Use: Potion            |       |     2 |       |     5 |     6 ||    13
       Scroll            |       |       |       |    16 |     5 ||    21
 Stab: Sleeping          |     2 |       |     5 |     8 |       ||    15
       Confused          |       |       |     6 |    25 |     5 ||    36
       Distracted        |       |       |       |     2 |       ||     2
       Petrified         |       |       |       |     1 |       ||     1
  Eat: Chunk             |     4 |     8 |    22 |    40 |    31 ||   105
       Ration            |       |       |       |     5 |     4 ||     9
Armor: Robe              |     9 |    10 |    15 |     3 |       ||    37
       Leather armour    |       |       |       |    70 |    53 ||   123
       Skin              |       |       |       |     7 |     4 ||    11
       Scale mail        |       |       |       |   125 |       ||   125
Dodge: Dodged            |    22 |    67 |   115 |   278 |   150 ||   632
Block: Buckler           |       |       |       |       |    53 ||    53
